 Dungeon Crawl Stone Soup version 0.20-a0-551-gc8f91ca (console) character file.

2141 Lahna the Fighter (level 9, -17/90 HPs)
             Began as a Gargoyle Berserker on Feb 3, 2017.
             Was a High Priest of Trog.
             Demolished by an orc knight
             ... wielding a +0 war axe
              (22 damage)
             ... on level 7 of the Dungeon.
             The game lasted 00:23:06 (7058 turns).

Lahna the Fighter (Gargoyle Berserker)              Turns: 7058, Time: 00:23:07

Health: -17/90     AC: 19    Str: 29    XL:     9   Next: 30%
Magic:  9/9        EV: 13    Int:  8    God:    Trog [*****.]
Gold:   49         SH:  0    Dex:  9    Spells: 8/8 levels left

rFire    + . .     SeeInvis .   y - +0 flail
rCold    . . .     Gourm    .   r - +1 ring mail {rF+}
rNeg     + . .     Faith    .   (no shield)
rPois    ∞         Spirit   .   p - +1 helmet
rElec    +         Reflect  .   t - +0 cloak
rCorr    .         Harm     .   z - +0 pair of gloves
MR       .....                  l - +0 pair of boots
Stlth    ..........             (no amulet)
Regen    0.3/turn               (no ring)
                                u - +1 ring of evasion

@: berserking, very quick
A: negative energy resistance 1, electricity resistance, unbreathing,
petrification resistance, rot immunity, AC +5
a: Berserk, Trog's Hand, Brothers in Arms, Burn Spellbooks, Renounce Religion


You were on level 7 of the Dungeon.
You worshipped Trog.
Trog was extremely pleased with you.
You were very hungry.

You visited 1 branch of the dungeon, and saw 7 of its levels.
You also visited: Sewer, Ossuary and Bailey.

You collected 385 gold pieces.
You spent 336 gold pieces at shops.

Inventory:

Hand Weapons
 y - a +0 flail (weapon)
Armour
 l - a +0 pair of boots (worn)
 p - a +1 helmet (worn)
 r - a +1 ring mail of fire resistance (worn)
 t - a +0 cloak (worn)
 z - a +0 pair of gloves (worn)
Jewellery
 u - a +1 ring of evasion (left hand)
Wands
 j - a wand of polymorph (9/24)
 F - a wand of lightning (2/15)
Scrolls
 g - 3 scrolls of recharging {unknown}
 k - 2 scrolls of magic mapping
 q - 10 scrolls of remove curse
 s - 4 scrolls of enchant armour {unknown}
 w - a scroll of immolation {unknown}
 B - 2 scrolls of amnesia {unknown}
 C - 2 scrolls of teleportation
 E - 2 scrolls of summoning
 G - a scroll of enchant weapon {unknown}
 J - a scroll of blinking {unknown}
Potions
 a - 4 potions of haste
 d - 3 potions of cancellation {unknown}
 e - 6 potions of curing
 f - 2 potions of degeneration {unknown}
 h - 13 potions of heal wounds
 i - 4 potions of might
 n - 3 potions of lignification
 o - a potion of flight {unknown}
 v - a potion of invisibility {unknown}
 x - a potion of mutation {unknown}
 A - 3 potions of resistance {unknown}
 I - a potion of cure mutation {unknown}
Comestibles
 b - 3 meat rations
 c - 5 bread rations
 m - a royal jelly
 D - 8 fruits
 H - 3 chunks of flesh


   Skills:
 + Level 8.4 Fighting
 + Level 7.5 Maces & Flails
 + Level 7.3 Armour
 + Level 2.6 Dodging


You had 8 spell levels left.
You didn't know any spells.

Dungeon Overview and Level Annotations

Branches:
Dungeon (7/15)             Temple (0/1) D:4

Altars:
Cheibriados
Gozag
Hepliaklqana
Kikubaaqudgha
Okawaru
Vehumet
Zin

Shops:
D:5 ?


Innate Abilities, Weirdness & Mutations

You are resistant to torment.
Your stone body is resilient. (AC +5)
You are immune to poison.
You resist negative energy. (rN+)
You are resistant to electric shocks. (rElec)
You can survive without breathing.
You are immune to petrification.
You are immune to rotting.


Message History

The goblin barely misses you.
You hit the orc knight.
The orc knight is heavily wounded.
The orc knight barely misses you. The orc knight closely misses you.
You hit the orc knight but do no damage.
The orc knight is heavily wounded.
The orc knight no longer looks unusually strong.
The goblin hits you but does no damage. The goblin misses you. x2
You hit the orc knight but do no damage.
The orc knight is heavily wounded.
The orc knight roars a battlecry!
The orc knight goes into a battle-frenzy!
The orc knight hits you with a broad axe!!
* * * LOW HITPOINT WARNING * * *
The goblin hits you but does no damage. The goblin closely misses you.
The goblin hits you with a hand axe.
* * * LOW HITPOINT WARNING * * *
You are too berserk!
The orc knight hits you with a war axe!!
You die...

#.# #.........
#.#######.(.####.
#.##......<.#
#####..#..###..(.....#
#.........####)#####.#
#.≈≈≈≈≈≈≈..# #.#
#.≈#####≈..###.####..
#.≈#o.g#≈............
#)).@∩g#≈.......####..
#.)#o.g#≈.####........
#.≈#####≈.# ##.####.#
#.≈≈≈≈≈≈≈.#####.####
#.........##.......# #
#####.######.##.##.#.#
#........##.##)#..
########.##......#
#.#####.###


You could see 2 orc knights and 3 goblins.

Vanquished Creatures
  Grinder (D:5)
  A hippogriff (D:5)
  An orc warrior (D:6)
  2 phantoms
  An ogre (D:5)
  3 centaurs
  An elf zombie (Ossuary)
  A big kobold (Sewer)
  A jelly (D:5)
  An electric eel (Bailey)
  A quasit (D:6)
  2 hounds
  2 orc priests (D:5)
  A human zombie (Ossuary)
  6 orc wizards
  An iguana (D:4)
  2 worker ants (D:5)
  A big kobold zombie (Ossuary)
  4 mummies (Ossuary)
  Robin (D:2)
  8 adders
  12 gnolls (D:5)
  6 river rats (Sewer)
  2 shadow imps
  3 adder zombies (Ossuary)
  5 worms
  A dart slug (D:1)
  4 leopard geckos
  13 orcs
  5 giant cockroaches
  A gnoll zombie (Ossuary)
  17 goblins
  7 hobgoblins
  8 jackals
  A quokka (D:3)
  6 ball pythons
  8 bats
  7 frilled lizards
  A jackal zombie (Ossuary)
  23 kobolds
  A leopard gecko zombie (D:4)
  2 orc zombies (Ossuary)
  26 rats
  2 rat zombies (Ossuary)
203 creatures vanquished.

Vanquished Creatures (others)
  An orc wizard (D:6)
1 creature vanquished.

Grand Total: 204 creatures vanquished

Notes
Turn   | Place    | Note
-------+----------+-------------------------------------------
     0 | D:1      | Lahna the Gargoyle Berserker began the quest for the Orb.
     0 | D:1      | Reached XP level 1. HP: 14/14 MP: 1/1
   162 | D:1      | Reached XP level 2. HP: 14/19 MP: 2/2
   521 | D:1      | Reached skill level 4 in Fighting
   775 | D:1      | Reached XP level 3. HP: 22/24 MP: 3/3
   780 | D:1      | Reached ** piety under Trog
   941 | D:2      | Noticed Robin
   995 | D:2      | Killed Robin
  1308 | D:2      | Reached XP level 4. HP: 30/30 MP: 4/4
  1713 | D:3      | Reached XP level 5. HP: 34/34 MP: 5/5
  1753 | D:3      | Reached *** piety under Trog
  1753 | D:3      | Reached skill level 5 in Fighting
  1927 | D:3      | Found a hazy altar of Hepliaklqana.
  1952 | D:3      | Reached XP level 6. HP: 40/40 MP: 6/6
  2423 | D:3      | Found an opulent altar of Gozag.
  2423 | D:3      | Found a glowing silver altar of Zin.
  2922 | D:4      | Found a glowing drain.
  2926 | Sewer    | Entered a sewer
  3070 | Sewer    | Reached **** piety under Trog
  3135 | Sewer    | Reached skill level 5 in Maces & Flails
  3363 | Sewer    | Reached XP level 7. HP: 40/45 MP: 7/7
  3811 | D:4      | Found a radiant altar of Vehumet.
  3882 | D:4      | Found a staircase to the Ecumenical Temple.
  4024 | D:5      | Entered Level 5 of the Dungeon
  4114 | D:5      | Reached skill level 6 in Fighting
  4207 | D:5      | Noticed Grinder
  4210 | D:5      | Found Wusaewomma's Magic Scroll Boutique.
  4236 | D:5      | Killed Grinder
  4236 | D:5      | Reached skill level 5 in Armour
  4417 | D:5      | Found a sand-covered staircase.
  4422 | Ossuary  | Entered an ossuary
  4476 | Ossuary  | Reached XP level 8. HP: 22/52 MP: 8/8
  4487 | Ossuary  | Reached ***** piety under Trog
  4939 | D:5      | Reached skill level 7 in Fighting
  5027 | D:5      | Bought a scroll of teleportation for 42 gold pieces
  5027 | D:5      | Bought a scroll of summoning for 133 gold pieces
  5027 | D:5      | Bought a scroll of identify for 28 gold pieces
  5027 | D:5      | Bought a scroll of summoning for 133 gold pieces
  5067 | D:5      | Found a snail-covered altar of Cheibriados.
  5069 | D:5      | Found an ancient bone altar of Kikubaaqudgha.
  5476 | D:5      | Found an iron altar of Okawaru.
  6120 | D:5      | Noticed a hippogriff
  6135 | D:5      | Killed a hippogriff
  6333 | D:6      | Reached skill level 8 in Fighting
  6365 | D:6      | Reached XP level 9. HP: 30/59 MP: 9/9
  6979 | D:7      | Found a flagged portal.
  7013 | Bailey   | Entered a bailey
  7031 | Bailey   | Noticed an orc knight
  7031 | Bailey   | Noticed an orc knight
  7057 | D:7      | HP: 4/90 [goblin/hand axe (2)]
  7058 | D:7      | Demolished by an orc knight

Vault maps used:
D:1:      doesnt_arrival_goblin_jail, minmay_pentomino_o4
D:2:      due_unseen_surprise, uniq_robin
D:3:      grunt_temple_overflow_gold_and_silver, nicolae_overflow_crystal_walls,
          minmay_misc_feat_room
D:4:      lemuel_doored_altar, temple_pool_b, gup_sewer_entry_bowl
D:5:      lemuel_coloured_pillars_altar, amethyst_overflow_temple_binary,
          first_bread, enter_ossuary_2, serial_shops, shop, nrook_mini_vaults,
          grunt_ministairs_11, uniq_grinder
D:7:      evilmike_ruin_ashenzari, enter_bailey_3, grunt_ogre_cave
Sewer:    sewer_minmay_treatment
Ossuary:  ossuary_minmay_tomb_2a
Bailey:   bailey_axe_of_yendor_kennysheep, bailey

Skill      XL: |  1  2  3  4  5  6  7  8  9 |
---------------+----------------------------+-----
Fighting       | 4 5 6 8 |  8.4
Maces & Flails | 4 5 6 7 |  7.5
Armour         | 3 4 5 6 7 |  7.3
Dodging        | 2 |  2.6

Action                   |  1- 3 |  4- 6 |  7- 9 || total
-------------------------+-------+-------+-------++-------
Melee: Mace              |   136 |   132 |       ||   268
       Flail             |       |   129 |   431 ||   560
Invok: Berserk           |     1 |     2 |     4 ||     7
       Burn Spellbooks   |       |     1 |     1 ||     2
       Trog's Hand       |       |       |     2 ||     2
  Use: Potion            |       |     1 |       ||     1
       Scroll            |       |       |     7 ||     7
  Eat: Chunk             |     3 |     9 |    13 ||    25
       Royal jelly       |       |       |     1 ||     1
Armor: Animal skin       |    24 |       |       ||    24
       Ring mail         |    44 |   168 |   323 ||   535
Dodge: Dodged            |   117 |   232 |   449 ||   798
